 Dungeon Crawl Stone Soup version 0.30.0 (webtiles) character file.

Game seed: 9328132341506844992

217 NinjaNoafa the Conjurer (level 5, -2/36 HPs)
             Began as an Octopode Conjurer on May 6, 2023.
             Was a Believer of Zin.
             Splashed by a jelly's acid (11 damage)
             ... on level 4 of the Dungeon.
             The game lasted 00:05:33 (2168 turns).

NinjaNoafa the Conjurer (Octopode Conjurer)         Turns: 2168, Time: 00:05:33

Health: -2/36      AC: -3    Str:  7    XL:     5   Next: 94%
Magic:  9/11       EV: 13    Int: 24    God:    Zin [**....]
Gold:   77         SH:  0    Dex: 11    Spells: 9/12 levels left

rFire   . . .        g - +0 short sword
rCold   . . .        (no shield)
rNeg    . . .        (helmet restricted)
rPois   ∞            k - amulet of regeneration
rElec   .            b - ring of poison resistance
rCorr   .            q - ring of wizardry
SInv    .            (no ring)
Will    .....        (no ring)
Stlth   +++          (no ring)
HPRegen 1.06/turn    (no ring)
MPRegen 0.12/turn    (no ring)
                     (no ring)

%: wizardry (x1)
@: vitalised, corroded
A: almost no armour, amphibious, 8 rings, camouflage 1, gelatinous body 1,
(nimble swimmer 1), tentacles
a: Renounce Religion, Recite, Vitalisation, Donate Gold


You were on level 4 of the Dungeon.
You worshipped Zin.
Zin was pleased with you.
You visited 1 branch of the dungeon, and saw 4 of its levels.

You collected 147 gold pieces.
You donated 70 gold pieces to Zin.

Inventory:

Hand Weapons
 g - a +0 short sword (weapon)
Missiles
 i - 2 throwing nets
Jewellery
 b - a ring of poison resistance (left tentacle)
 k - an amulet of regeneration (around mantle)
 q - a ring of wizardry (right tentacle)
Scrolls
 c - 3 scrolls of immolation {unknown}
 d - a scroll of acquirement {unknown}
 f - 3 scrolls of identify {unknown}
 h - a scroll of noise {unknown}
 l - a scroll of teleportation {unknown}
 m - a scroll of enchant armour {unknown}
 n - a scroll of torment {unknown}
 o - a scroll of poison {unknown}
 p - a scroll of blinking {unknown}
Potions
 a - a potion of magic
 e - a potion of curing {unknown}
 j - a potion of experience {unknown}
 r - a potion of heal wounds {unknown}
 s - a potion of degeneration {unknown}


   Skills:
 - Level 3.0 Fighting
 - Level 2.0 Dodging
 - Level 4.0 Stealth
 + Level 4.0 Spellcasting
 - Level 4.2 Conjurations


You had 9 spell levels left.
You knew the following spells:

 Your Spells              Type           Power      Damage    Failure   Level
a - Magic Dart            Conj           100%       1d8       1%          1
b - Searing Ray           Conj           50%        2d6       1%          2

Your spell library contained the following spells:

 Spells                   Type           Power      Damage    Failure   Level
 Dazzling Flash           Conj/Hex       30%        N/A       4%          3
 Ensorcelled Hibernation  Hex/Ice        8%         N/A       6%          2
 Gell's Gravitas          Tloc           4%         N/A       12%         3
 Spider Form              Tmut/Pois      4%         N/A       12%         3
 Teleport Other           Tloc           4%         N/A       12%         3
 Fulminant Prism          Conj/Hex       7%         3d6       16%         4
 Iskenderun's Mystic Bla  Conj/Tloc      15%        2d5       16%         4
 Anguish                  Hex/Necr       2%         N/A       34%         4
 Dispersal                Tloc           2%         N/A       99%         6


Dungeon Overview and Level Annotations

Branches:
Dungeon (4/15) Zot: 21833
 Temple: D:4-7

Altars:
Ashenzari
Zin


Innate Abilities, Weirdness & Mutations

You cannot wear most types of armour.
You are amphibious.
You can wear up to eight rings at the same time.
Your skin changes colour to match your surroundings (Stealth+).
Your rubbery body absorbs attacks. (AC +1, EV +1)
((You are camouflaged when in or above water. (Stealth+)))
You have tentacles for arms and can constrict up to eight enemies at once.


Message History

There are monsters nearby!
Okay, then.
q - a ring of wizardry (right tentacle)
The ball python hisses angrily.
The jelly quivers.
The ball python bites you but does no damage.
The ball python barely misses you. The jelly barely misses you.
You climb upwards.
There is a stone staircase leading down here.
You climb downwards.
The ball python completely misses you. The ball python grabs you.
The ball python constricts you. The jelly hits you.
You are splashed with acid!
The ball python closely misses you. The ball python constricts you.
The jelly hits you.
You are splashed with acid!
* * * LOW HITPOINT WARNING * * *
There is a stone staircase leading up here.
You escape the ball python's grasp.
The ball python barely misses you. x2
Okay, then.
The ball python barely misses you. The ball python grabs you.
The ball python constricts you.
* * * LOW HITPOINT WARNING * * *
Unknown command.
Zin grants you divine stamina. The ball python bites you.
* * * LOW HITPOINT WARNING * * *
The ball python constricts you.
* * * LOW HITPOINT WARNING * * *
The jelly barely misses you.
Unknown command.
Unknown command.
You escape the ball python's grasp.
The jelly attacks as you move away! The jelly barely misses you.
The ball python attacks as you move away!
The ball python bites you.
* * * LOW HITPOINT WARNING * * *
The ball python closely misses you.
Unknown command.
The jelly attacks as you move away! The jelly hits you.
* * * LOW HITPOINT WARNING * * *
The acid corrodes you!
You are splashed with acid!
You die...

. ## .. ###.##. .
##........ ....
....##.# ....
#......# .....
#@.....## .....
#SJ...... ......
##...#....
#....##....#....
##.............##
.......<.......#
..###...........#
#............
#............


You could see a jelly and a ball python.

Vanquished Creatures
  An ogre (D:3)
  A howler monkey (D:3)
  Jessica (D:3)
  A worm (D:3)
  3 dart slugs
  3 ball pythons
  5 bats
  4 endoplasms
  3 giant cockroaches
  4 goblins
  7 hobgoblins
  8 kobolds
  3 quokkas (D:2)
  4 frilled lizards
  8 rats
56 creatures vanquished.

Notes
Turn   | Place    | Note
-------+----------+-------------------------------------------
     0 | D:1      | NinjaNoafa the Octopode Conjurer began the quest for the
                  | Orb.
     0 | D:1      | Reached XP level 1. HP: 11/11 MP: 3/3
   140 | D:1      | Reached XP level 2. HP: 6/18 MP: 0/5
   207 | D:1      | Learned a level 2 spell: Searing Ray
   434 | D:1      | Reached XP level 3. HP: 22/22 MP: 6/6
   760 | D:2      | Reached skill level 1 in Fighting
   895 | D:2      | Found a faded altar of an unknown god.
   905 | D:2      | Prayed at the altar of an unknown god.
   905 | D:2      | Became a worshipper of Zin the Law-Giver
   905 | D:2      | Reached * piety under Zin
  1138 | D:2      | Reached ** piety under Zin
  1285 | D:3      | Noticed an ogre
  1440 | D:3      | Noticed Jessica
  1444 | D:3      | Killed Jessica
  1445 | D:3      | Reached XP level 4. HP: 29/29 MP: 3/8
  1477 | D:3      | Found a broken altar of Ashenzari.
  1521 | D:3      | Donated 56 gold pieces to Zin
  1686 | D:3      | Found a glowing silver altar of Zin.
  1788 | D:3      | Reached XP level 5. HP: 34/35 MP: 0/9
  2047 | D:3      | Killed an ogre
  2168 | D:4      | Splashed by a jelly's acid

Illustrated notes

Levels and vault maps discovered:
D:1:      minmay_arrival_semitransparent, layout_basic, minmay_pentomino_p2
D:2:      layout_basic, ebering_ecumenical_altar_sacrificial,
          grunt_ministairs_5, minmay_unequal
D:3:      layout_loops_cross, nicolae_ashenzari_panopticon,
          mainiacjoe_overflow_alcove_2, kennysheep_generic_room_5, uniq_jessica
D:4:      layout_cave_pools, gammafunk_ghost_grave, minmay_ogre_servants

Skill      XL: |  1  2  3  4  5 |
---------------+----------------+-----
Stealth        | 3 4 |  4.0
Fighting       | 1 2 3 |  3.0
Spellcasting   | 3 4 |  4.0
Dodging        | |  2.0
Conjurations   | |  4.2

Action                     |  1- 3 |  4- 6 || total
---------------------------+-------+-------++-------
  Melee: Spear             |     9 |       ||     9
         Tentacles         |     5 |     5 ||    10
         Constrict         |     5 |     5 ||    10
         Unarmed           |     1 |       ||     1
         Dagger            |    15 |       ||    15
         Short sword       |     5 |    22 ||    27
   Cast: Magic Dart        |    18 |     5 ||    23
         Searing Ray       |     7 |     8 ||    15
 Invoke: Donate Gold       |       |     1 ||     1
         Recite            |       |     1 ||     1
         Vitalisation      |       |     1 ||     1
   Stab: Sleeping          |    14 |     2 ||    16
 Armour: Skin              |     1 |     3 ||     4
  Dodge: Dodged            |     8 |    26 ||    34
